 Dungeon Crawl Stone Soup version 0.17.0-28-g6e173f8 (webtiles) character file.

33 septik the Covered (level 3, -6/23 HPs)
             Began as a Gargoyle Fighter on Nov 24, 2015.
             Killed from afar by Sigmund (8 damage)
             ... with a puff of flame
             ... on level 3 of the Dungeon.
             The game lasted 00:02:16 (1019 turns).

septik the Covered (Gargoyle Fighter)               Turns: 1019, Time: 00:02:16

Health: -6/23      AC: 12    Str: 19    XL:     3   Next: 29%
Magic:  3/3        EV:  7    Int:  8    God:
Gold:   61         SH:  9    Dex: 10    Spells: 0 memorised, 2 levels left

rFire  . . .     SeeInvis .     a - +0 flail
rCold  . . .     Clarity  .     b - +0 scale mail
rNeg   + . .     SustAt   .     c - +0 shield
rPois  ∞         Gourm    .     m - +0 helmet
rElec  +         Spirit   .     (no cloak)
rCorr  .         Warding  .     (no gloves)
rMut   .         Stasis   .     o - +0 pair of boots
MR     .....                    (no amulet)
Stlth  ..........               (no ring)
                                (no ring)

@: not resistant to hostile enchantments, extremely unstealthy
A: negative energy resistance 1, electricity resistance, unbreathing,
petrification resistance, rot immunity, AC +3
a: no special abilities


You were on level 3 of the Dungeon.
You were not hungry.

You visited 1 branch of the dungeon, and saw 3 of its levels.

You collected 61 gold pieces.

Inventory:

Hand Weapons
 a - a +0 flail (weapon)
Missiles
 q - a stone (quivered)
Armour
 b - a +0 scale mail (worn)
 c - a +0 shield (worn)
 m - a +0 helmet (worn)
 o - a +0 pair of boots (worn)
Wands
 r - a wand of fire (9)
Scrolls
 g - 2 scrolls of remove curse {unknown}
 h - 3 scrolls of identify {unknown}
 j - 2 scrolls of blinking {unknown}
 k - 3 scrolls of enchant weapon {unknown}
 s - a scroll of amnesia {unknown}
Potions
 d - a potion of might
 n - a potion of curing {unknown}
 p - a potion of brilliance {unknown}
Comestibles
 e - 4 bread rations
 f - a fruit
 i - a meat ration
 l - 2 chunks of flesh


   Skills:
 + Level 3.5 Fighting
 * Level 2.7 Maces & Flails
 + Level 3.5 Armour
 + Level 1.0 Dodging
 - Level 3.2 Shields


You had 2 spell levels left.
You didn't know any spells.

Dungeon Overview and Level Annotations

Branches:
Dungeon (3/15)

Altars:
Nemelex Xobeh

Annotations:
D:3 Sigmund


Innate Abilities, Weirdness & Mutations

You are resistant to torment.
Your stone body is resilient (AC +3).
You are immune to poison.
You resist negative energy.
You are resistant to electric shocks.
You can survive without breathing.
You are immune to petrification.
You are immune to rotting.


Message History

Something tries to affect you, but you resist.
Evoke which item? (* to show all) (? for menu, Esc to quit)
Zapping:
r - a wand of fire (will waste charges)
Press: ? - help, Shift-Dir - straight line, f - you
Okay, then.
You closely miss something. Something hits you.
You hit something but do no damage. Something hits you but does no damage.
You miss something. Something hits you.
Your shield and scale mail prevent you from hitting something.
You closely miss something. Something hits you!
* * * LOW HITPOINT WARNING * * *
You miss something.
You hear some strange, mumbled words.
A magic dart appears from out of thin air!
The magic dart hits you!
* * * LOW HITPOINT WARNING * * *
You hear some strange, mumbled words.
A puff of flame appears from out of thin air!
The puff of flame hits you!
You die...

## #.##..## ##.##...
.####### #..#...####..#...
...)..@#####
##........#....##
######.[.@.####
###.#.##.#.<.###
#####....## #.#...........
####..### #.####........
#### ##...###.## ##.......
.....#####{.....####.......
#....##@..........[.....
####.(........###.......
##....##.........####.
###..#####...####...# #.
#...## #...# #.#.###. #.###
#...# #.....## .##### ##.#
####...# ####).##
.>....###..# ##...#.##
##### ##.....## #.....## #


There were no monsters in sight!

Vanquished Creatures
  An adder (D:3)
  3 giant geckos
  2 bats (D:1)
  5 goblins
  A hobgoblin (D:3)
  2 ball pythons (D:1)
  3 giant newts
  3 kobolds
  2 rats
22 creatures vanquished.

Notes
Turn   | Place    | Note
--------------------------------------------------------------
     0 | D:1      | septik the Gargoyle Fighter began the quest for the Orb.
     0 | D:1      | Reached XP level 1. HP: 14/14 MP: 1/1
   109 | D:1      | Found a sparkling altar of Nemelex Xobeh.
   482 | D:1      | Reached XP level 2. HP: 19/19 MP: 2/2
   775 | D:3      | Reached XP level 3. HP: 20/23 MP: 3/3
   928 | D:3      | Reached skill level 1 in Dodging
   983 | D:3      | Noticed Sigmund
  1019 | D:3      | Killed from afar by Sigmund

Action                   || total
-------------------------++-------
Melee: Flail             ||    84
